 Dungeon Crawl Stone Soup version 0.31-a0-702-gf82c85558f (webtiles) character file.

Game seed: 6001306578058663101

269 qw the Shooter (level 6, 0/39 HPs)
             Began as a Gargoyle Hunter on Sept 8, 2023.
             Slain by Duvessa
             ... wielding a +0 rapier
              (2 damage)
             ... on level 4 of the Dungeon.
             The game lasted 00:01:06 (3021 turns).

qw the Shooter (Gargoyle Hunter)                    Turns: 3021, Time: 00:01:06

Health: 0/39       AC:  9    Str: 14    XL:     6   Next: 22%
Magic:  6/6        EV: 11    Int: 10    God:
Gold:   293        SH:  0    Dex: 15    Spells: 5/5 levels left

rFire   . . .        Y - +0 shortbow
rCold   . . .        (shield currently unavailable)
rNeg    + . .        c - +0 leather armour
rPois   inf          (no helmet)
rElec   +            (no cloak)
rCorr   .            f - +0 pair of gloves
SInv    .            h - +0 pair of boots
Will    .....        (no amulet)
Stlth   ++           (no ring)
HPRegen 0.26/turn    (no ring)
MPRegen 0.10/turn

%: no passive effects
@: no status effects
A: sickness immunity, AC +4, negative energy resistance 1, electricity
resistance, torment resistance 1, petrification resistance
a: no special abilities


You were on level 4 of the Dungeon.
You visited 1 branch of the dungeon, and saw 4 of its levels.

You collected 293 gold pieces.


Innate Abilities, Weirdness & Mutations

You are immune to sickness and miasma.
Your stone body is resilient. (AC +4)
You are immune to poison.
You resist negative energy. (rN+)
You are resistant to electric shocks. (rElec)
You are resistant to unholy torment.
You are immune to petrification.


   Skills:
 - Level 4.3 Fighting
 + Level 6.1 Ranged Weapons
 - Level 1.5 Armour
 - Level 1.5 Dodging
 - Level 1.1 Stealth


You had 5 spell levels left.
You didn't know any spells.
Your spell library was empty.

Inventory:

Hand Weapons
 Y - a +0 shortbow (weapon)
Armour
 c - a +0 leather armour (worn)
 f - a +0 pair of gloves (worn)
 h - a +0 pair of boots (worn)
 j - a +0 ring mail
Jewellery
 b - a ring of ice
Scrolls
 a - a scroll of identify
 e - a scroll of enchant weapon {unknown}
 g - a scroll of blinking {unknown}
Potions
 d - a potion of curing
 i - a potion of mutation

Dungeon Overview and Level Annotations

Branches:
Dungeon (4/15)
 Temple: D:4-7

Altars:
Ru
Uskayaw
The Shining One

Annotations:
D:4 3 runed translucent doors, Dowan; Duvessa; qw's ghost, amateur GrHu


Message History

Enter note:
Enter note:
Enter note:
3013 |||
Found retreat position at 3,-6 (floor) with 0 blocking monsters and 1 monsters attacking at destination at distance 6
Enter note:
Enter note:
Enter note:
Enter note:
3014 |||
Found retreat position at 2,-5 (floor) with 0 blocking monsters and 1 monsters attacking at destination at distance 5
3015 ||| FLEEEEING.
Enter note:
Enter note:
Enter note:
Enter note:
3016 |||
Found retreat position at 1,-3 (floor) with 0 blocking monsters and 1 monsters attacking at destination at distance 3
Enter note:
Enter note:
Enter note:
Enter note:
3017 |||
Found retreat position at 0,-2 (floor) with 0 blocking monsters and 1 monsters attacking at destination at distance 2
Enter note:
Enter note:
Enter note:
Enter note:
3018 |||
Found retreat position at 0,-1 (floor) with 0 blocking monsters and 1 monsters attacking at destination at distance 1 Dowan gestures at Duvessa while chanting.
Duvessa seems to speed up.
Enter note:
Enter note:
Enter note:
Enter note: You shoot an arrow.
The arrow closely misses Duvessa.
You shoot an arrow. The arrow closely misses Duvessa.
Duvessa hits you with a +0 rapier.
Duvessa says, "My weaknesses are his strengths!"
Duvessa hits you with a +0 rapier!
You shoot an arrow. The arrow hits Duvessa.
Duvessa is lightly wounded.
Duvessa hits you with a +0 rapier. x2
You die...

#.......# #.......####
#.......#..## #...........###
##.............# ..
#..#....#<...### ..
####......<...## ##.# ##
##..........### ##..# _###
##@##........# #...# . ...
###e##..####..## # ...
#7...7##..e.##.## ##..## ##
###.###.....###.......####...# #.
..#..# 7...7 #.........#.....####
.....####'####.....#...#....)##..
%#..........#......##..#....##...
.........##.......###........#...
....................####.........


You could see Duvessa (fast) and Dowan.

Vanquished Creatures
  A phantom (D:4)
  A howler monkey (D:4)
  A hound (D:4)
  5 adders
  2 worms (D:2)
  A dart slug (D:2)
  6 orcs
  8 bats
  6 endoplasms
  4 giant cockroaches
  3 goblins
  7 hobgoblins
  3 quokkas
  11 ball pythons
  5 frilled lizards
  4 kobolds
  11 rats
79 creatures vanquished.

Notes
Turn   | Place    | Note
-------+----------+-------------------------------------------
     0 | D:1      | qw the Gargoyle Hunter began the quest for the Orb.
     0 | D:1      | Reached XP level 1. HP: 12/12 MP: 1/1
     0 | D:1      | 0 ||| qw: Version: 0.3-a-76-g4403597
     0 | D:1      | 0 ||| qw: Game counter: 1210
     0 | D:1      | 0 ||| qw: Melee chars always use a shield: true
     0 | D:1      | 0 ||| qw: God list: Okawaru
     0 | D:1      | 0 ||| qw: Allow faded altars: false
     0 | D:1      | 0 ||| qw: Do Orc after clearing Dungeon:15 true
     0 | D:1      | 0 ||| qw: Do second Lair branch before Depths: true
     0 | D:1      | 0 ||| qw: Lair rune preference: random
     0 | D:1      | 0 ||| qw: Goals: Normal
     0 | D:1      | 0 ||| PLANNING D:1-11
    60 | D:1      | Reached XP level 2. HP: 15/17 MP: 2/2
   690 | D:1      | 690 ||| UPGRADING to +0 pair of boots.
   695 | D:1      | 695 ||| READING 2 scrolls labelled CAITHR UKHE.
   696 | D:1      | 696 ||| READING scroll labelled XISCHI SESSE.
   709 | D:1      | 709 ||| READING scroll labelled TEHEMI JOYMAW.
   710 | D:1      | 710 ||| DROPPING scroll of butterflies.
   756 | D:2      | Reached skill level 5 in Ranged Weapons
   756 | D:2      | Reached XP level 3. HP: 21/21 MP: 3/3
   906 | D:2      | Reached skill level 3 in Fighting
   922 | D:2      | Reached XP level 4. HP: 28/28 MP: 4/4
  1885 | D:2      | 1885 ||| READING 3 scrolls of identify.
  1885 | D:2      | 1885 ||| IDENTIFYING ruby potion
  1886 | D:2      | 1886 ||| READING 2 scrolls of identify.
  1886 | D:2      | 1886 ||| IDENTIFYING blue potion
  1887 | D:2      | 1887 ||| DROPPING potion of brilliance.
  1991 | D:3      | Found a hide-covered altar of Uskayaw.
  2212 | D:3      | Found a faded altar of an unknown god.
  2492 | D:3      | Reached XP level 5. HP: 30/32 MP: 5/5
  2581 | D:3      | 2581 ||| UPGRADING to +0 pair of gloves.
  2586 | D:3      | 2586 ||| READING scroll labelled UTAIBR DEOMNOS.
  2587 | D:3      | 2587 ||| READING 3 scrolls of identify.
  2587 | D:3      | 2587 ||| IDENTIFYING fuming silvery potion
  2588 | D:3      | 2588 ||| READING 2 scrolls of identify.
  2588 | D:3      | 2588 ||| IDENTIFYING sedimented sapphire potion
  2589 | D:3      | 2589 ||| DROPPING potion of invisibility.
  2671 | D:4      | Reached skill level 1 in Armour
  2780 | D:4      | Reached skill level 6 in Ranged Weapons
  2827 | D:4      | Noticed a phantom
  2844 | D:4      | Killed a phantom
  2845 | D:4      | Reached XP level 6. HP: 29/39 MP: 6/6
  2882 | D:4      | Found a runed translucent gate.
  2882 | D:4      | Found a runed translucent gate.
  2882 | D:4      | Found a runed translucent gate.
  2884 | D:4      | Noticed qw's ghost (amateur GrHu)
  2906 | D:4      | Found a sacrificial altar of Ru.
  2995 | D:4      | Noticed Dowan
  2996 | D:4      | 2996 ||| FLEEEEING.
  2997 | D:4      | 2997 ||| FLEEEEING.
  2998 | D:4      | 2998 ||| FLEEEEING.
  2999 | D:4      | 2999 ||| FLEEEEING.
  3000 | D:4      | 3000 ||| FLEEEEING.
  3001 | D:4      | 3001 ||| FLEEEEING.
  3002 | D:4      | 3002 ||| FLEEEEING.
  3002 | D:4      | Found a glowing golden altar of the Shining One.
  3002 | D:4      | Noticed Duvessa
  3003 | D:4      | 3003 ||| RETREATING.
  3010 | D:4      | 3010 ||| FLEEEEING.
  3011 | D:4      | 3011 ||| RETREATING.
  3015 | D:4      | 3015 ||| FLEEEEING.
  3020 | D:4      | HP: 7/39 [Duvessa/+0 rapier (11)]
  3021 | D:4      | HP: 2/39 [Duvessa/+0 rapier (5)]
  3021 | D:4      | Slain by Duvessa

Levels and vault maps discovered:
D:1:      dpeg_arrival_ratfight, layout_loops_ring, palyth_stone_intersect
D:2:      minmay_thinvault, layout_loops_corners
D:3:      layout_basic, amcnicky_altar_gilded, chequers_ecumenical_altar_twisty
D:4:      layout_cave_pools, tso_altar, mainiacjoe_overflow_tiny_flanked,
          gammafunk_ghost_nasty_kobolds, minivault_25, uniq_duvessa

Skill      XL: |  1  2  3  4  5 |
---------------+----------------+-----
Ranged Weapons | 5 6 |  6.1
Fighting       | 3 4 |  4.3
Armour         | 1 |  1.5
Dodging        | |  1.5
Stealth        | |  1.1

Action                     |  1- 3 |  4- 6 || total
---------------------------+-------+-------++-------
   Fire: Shortbow          |   100 |   155 ||   255
    Use: Scroll            |     3 |     5 ||     8
 Armour: Leather armour    |    35 |    40 ||    75
  Dodge: Dodged            |    28 |    32 ||    60

Table legend:
 A = Non-vault XP
 B = Vault XP
 C = Vault XP percentage of total XP
 D = Non-vault monster count
 E = Vault monster count
 F = Vault count percentage of total count
                 A         B        C        D         E       F
            +---------+---------+-------+---------+---------+-------
      Total |     333 |      52 |  13.5 |      60 |      19 |  24.1
            +---------+---------+-------+---------+---------+-------
        D:1 |      22 |       5 |  18.5 |      15 |       5 |  25.0
        D:2 |      58 |      47 |  44.8 |      18 |      14 |  43.8
        D:3 |      41 |       0 |   0.0 |      18 |       0 |   0.0
        D:4 |     212 |       0 |   0.0 |       9 |       0 |   0.0
            +---------+---------+-------+---------+---------+-------
